 Dungeon Crawl Stone Soup version 0.32-a0-899-geb5ba95c15 (webtiles) character file.

Game seed: 14988542864003168323

27 Gilette the Chopper (level 3, -1/27 HPs)
             Began as a Coglin Gladiator on Apr 5, 2024.
             Slain by a gnoll
             ... wielding a +0 flail
              (7 damage)
             ... on level 1 of the Dungeon.
             The game lasted 00:00:45 (560 turns).

Gilette the Chopper (Coglin Gladiator)               Turns: 560, Time: 00:00:45

Health: -1/27      AC:  4    Str: 16    XL:     3   Next: 10%
Magic:  3/3        EV: 11    Int:  7    God:
Gold:   46         SH:  0    Dex: 15    Spells: 2/2 levels left

rFire   . . .        a - +0 war axe {Shi}
rCold   . . .        f - +0 dagger {Nittaya}
rNeg    . . .        b - +0 leather armour
rPois   .            c - +0 helmet
rElec   .            (no cloak)
rCorr   .            (no gloves)
SInv    .            (no boots)
Will    .....        (amulet unavailable)
Stlth   +            (ring unavailable)
HPRegen 0.24/turn    (ring unavailable)
MPRegen 0.08/turn    (no gizmo)

%: no passive effects
@: revved
A: off-hand wielding, slow wielding, warmup strikes, no jewellery
a: Invent Gizmo


You were on level 1 of the Dungeon.
You visited 1 branch of the dungeon, and saw 2 of its levels.

You collected 46 gold pieces.


Innate Abilities, Weirdness & Mutations

You can wield a second weapon in your off-hand.
It takes a long time for you to wield or remove held weapons.
Your first few attacks do less damage.
You cannot equip rings or amulets.


   Skills:
 - Level 2.0 Fighting
 + Level 4.2 Axes
 - Level 1.7 Throwing
 - Level 2.6 Dodging


You had 2 spell levels left.
You didn't know any spells.
Your spell library was empty.

Inventory:

Hand Weapons
 a - a +0 war axe (weapon) {Shi}
 f - a +0 dagger (offhand) {Nittaya}
Missiles
 d - 3 throwing nets (quivered) {=f!f}
 e - a javelin
Armour
 b - a +0 leather armour (worn)
 c - a +0 helmet (worn)
Scrolls
 g - a scroll of enchant armour {unknown}
 h - a scroll of poison {unknown}
 k - a scroll of fog {unknown}
Potions
 i - a potion of haste {unknown}
 j - a potion of mutation {unknown}

Dungeon Overview and Level Annotations

Branches:
Dungeon (2/15) Zot: 11430

Altars:

#### ...###############
....##...........#
##...........###.#
.......#####.# #.#
###.#### #.# #.# #.#
#.###.## #.# #.##.g.#####
###.########....@.....#
.............##...###.###
###.########.........#..#
#.### #####.####.#.##
#...# #...###....###
###.# #.#[.........# #.#
#...###....#.# #.# ##..#
#.#.##.#
#.##########..###.#.##.#


You could see a gnoll.


Message History

The dart slug closely misses you.
HP[-3]
You take 3 damage, and now have 19/22 hp.
You hit the dart slug but do no damage.
You slash the dart slug with your +0 war axe!
You kill the dart slug!
You have reached level 3!
Your experience leads to an increase in your attributes!
Increase (S)trength, (I)ntelligence, or (D)exterity?
You feel stronger. x2
Your brain swirls with designs for a geoadeledicnander whirligig.
You just need some more time...
HP[+4] MP[+1]
You now have 27 max hp (+5).
You regained 4 hp, and now have 23/27 hp.
Your mp is fully restored (3).
A giant cockroach comes into view.
HP[+4]
Your hp is fully restored (27).
A giant cockroach is nearby!
A giant cockroach is nearby!
A bat comes into view.
The bat misses you.
The giant cockroach bites you but does no damage.
You hit the giant cockroach with your +0 war axe.
You hit the giant cockroach with your +0 dagger.
You kill the giant cockroach!
The bat hits you. x2
HP[-2]
You take 2 damage, and now have 25/27 hp.
You hit the bat with your +0 dagger.
You barely miss the bat with your +0 war axe.
The bat closely misses you.
HP[+1]
You hit the bat with your +0 war axe.
You closely miss the bat with your +0 dagger.
The bat misses you.
You closely miss the bat with your +0 dagger.
You barely miss the bat with your +0 war axe.
The bat hits you but does no damage.
Unknown command.
The bat misses you. The bat closely misses you. The bat misses you.
You hit the bat with your +0 dagger.
You kill the bat!
HP[+1]
Your hp is fully restored (27).
No target in view!
A rat comes into view.
The rat squeaks loudly.
A rat is nearby!
A rat is nearby!
The rat bites you but does no damage.
You barely miss the rat with your +0 war axe.
You hit the rat with your +0 dagger. The rat bites you but does no damage.
You slash the rat with your +0 war axe!
You kill the rat!
You see here a rat corpse.
Done exploring.
Done exploring.
Done exploring.
No target in view!
There is a stone staircase leading down here.
Search for what [? for help]? .
You climb downwards.
The gnoll shouts! x2; The adder hisses angrily.
There is a stone staircase leading up here.
There are monsters nearby!
The gnoll attacks as it pursues you! The gnoll hits you with a +0 flail.
There is a stone staircase leading up here.
HP[-2]
You take 2 damage, and now have 25/27 hp.
The gnoll hits you with a +0 flail.
You climb upwards.
There is a stone staircase leading down here.
HP[-3]
You take 3 damage, and now have 22/27 hp.
Unknown command.
You barely miss the gnoll with your +0 war axe.
You barely miss the gnoll with your +0 dagger.
The gnoll hits you with a +0 flail!
HP[-8]
You take 8 damage, and now have 14/27 hp.
MASSIVE DAMAGE!! (PAUSE)
You hit the gnoll but do no damage.
You closely miss the gnoll with your +0 war axe.
The gnoll barely misses you.
HP[+1]
You barely miss the gnoll with your +0 dagger.
You closely miss the gnoll with your +0 war axe.
The gnoll barely misses you.
You hit the gnoll with your +0 war axe.
You barely miss the gnoll with your +0 dagger.
The gnoll hits you with a +0 flail!
* * * LOW HITPOINT WARNING * * *
HP[-9]
You take 9 damage, and now have 6/27 hp.
MASSIVE DAMAGE!! (PAUSE)
You hit the gnoll but do no damage.
You barely miss the gnoll with your +0 dagger.
The gnoll hits you with a +0 flail!
You die...

Skill      XL: |  1  2 |
---------------+-------+-----
Axes           | 4 |  4.2
Fighting       | |  2.0
Throwing       | |  1.7
Dodging        | |  2.6

Action                     || total
---------------------------++-------
  Melee: War axe           ||    47
         Dagger            ||    44
   Stab: Sleeping          ||     1
 Armour: Leather armour    ||    30
  Dodge: Dodged            ||    28

Levels and vault maps discovered:
D:1:      roderic_chinese_lattice_arrival, layout_loops_ring,
          minmay_misc_feat_columns
D:2:      minmay_alternating_diamond, layout_rooms, serial_shops,
          nicolae_shop_real_fake_doors, shop_statue,
          ebering_ecumenical_altar_hall, minmay_indecisive_spiral

Notes
Turn   | Place    | Note
-------+----------+-------------------------------------------
     0 | D:1      | Gilette the Coglin Gladiator began the quest for the Orb.
     0 | D:1      | Reached XP level 1. HP: 16/16 MP: 1/1
     0 | D:1      | magus.rc [v1.11.3]
    74 | D:1      | Reached XP level 2. HP: 22/22 MP: 2/2
   344 | D:1      | Reached skill level 4 in Axes
   451 | D:1      | Reached XP level 3. HP: 23/27 MP: 3/3
   559 | D:1      | HP: 6/27 [gnoll/+0 flail (9)]
   560 | D:1      | Slain by a gnoll

Vanquished Creatures
  2 dart slugs (D:1)
  2 ball pythons (D:1)
  An endoplasm (D:1)
  3 giant cockroaches (D:1)
  2 goblins (D:1)
  A hobgoblin (D:1)
  3 quokkas (D:1)
  2 bats (D:1)
  A frilled lizard (D:1)
  A kobold (D:1)
  2 rats (D:1)
20 creatures vanquished.

Table legend:
 A = Non-vault XP
 B = Vault XP
 C = Vault XP percentage of total XP
 D = Non-vault monster count
 E = Vault monster count
 F = Vault count percentage of total count
                 A         B        C        D         E       F
            +---------+---------+-------+---------+---------+-------
      Total |      39 |       0 |   0.0 |      20 |       0 |   0.0
            +---------+---------+-------+---------+---------+-------
        D:1 |      39 |       0 |   0.0 |      20 |       0 |   0.0
            +---------+---------+-------+---------+---------+-------

Skill      XL: |  1  2 |
---------------+-------+-----
Axes           | 4 |  4.2
Fighting       | |  2.0
Throwing       | |  1.7
Dodging        | |  2.6

Action                     || total
---------------------------++-------
  Melee: War axe           ||    47
         Dagger            ||    44
   Stab: Sleeping          ||     1
 Armour: Leather armour    ||    30
  Dodge: Dodged            ||    28

Illustrated notes

Table legend:
 A = Kills in this place as a percentage of kills in the entire game.
 B = Kills by you in this place as a percentage of kills by you in the entire game.
 C = Kills by friends in this place as a percentage of kills by friends in the entire game.
 D = Other kills in this place as a percentage of other kills in the entire game.
 E = Experience gained in this place as a percentage of experience gained in the entire game.
 F = Experience gained in this place divided by the number of levels of this place that you have seen.
                   A       B       C       D       E      F
               +-------+-------+-------+-------+-------+----------------------
         Total | 100.0 | 100.0 |   N/A |   N/A | 100.0 |  19.5
       Dungeon | 100.0 | 100.0 |   N/A |   N/A | 100.0 |  19.5
               +-------+-------+-------+-------+-------+----------------------

Table legend: (Time is in decaauts)
 A = Elapsed time spent in this place.
 B = Non-inter-level travel time spent in this place.
 C = Inter-level travel time spent in this place.
 D = Time resting spent in this place.
 E = Time spent auto-exploring this place.
 F = Levels seen in this place.
 G = Mean time per level.
                   A        B        C        D        E       F      G
               +--------+--------+--------+--------+--------+-----+--------+
         Total |    568 |    561 |      7 |      0 |    432 |   2 |  284.0 |
       Dungeon |    568 |    561 |      7 |      0 |    432 |   2 |  284.0 |
               +--------+--------+--------+--------+--------+-----+--------+

Top non-repeatable levels by time:
     D:1: 564 daAuts
     D:2: 3 daAuts
